 Dungeon Crawl Stone Soup version 0.24-a0-201-gf205589 (webtiles) character file.

Game seed: 5616360122399265430

86 Lanoc the Skirmisher (level 4, -9/42 HPs)
             Began as a Draconian Wanderer on Mar 21, 2019.
             Killed by divine providence
             ... invoked by an orc priest
              (14 damage)
             ... on level 3 of the Dungeon.
             The game lasted 00:04:09 (1724 turns).

Lanoc the Skirmisher (Draconian Wanderer)           Turns: 1724, Time: 00:04:09

Health: -9/42      AC:  5    Str: 13    XL:     4   Next: 26%
Magic:  4/4        EV: 12    Int: 13    God:
Gold:   163        SH:  0    Dex: 16    Spells: 3/3 levels left

rFire    . . .     SeeInvis .   c - +0 quarterstaff
rCold    . . .     Gourm    .   (shield currently unavailable)
rNeg     . . .     Faith    .   (armour unavailable)
rPois    .         Spirit   .   (helmet restricted)
rElec    .         Reflect  .   (no cloak)
rCorr    .         Harm     .   (no gloves)
MR       .....                  (no boots)
Stlth    ++........             (no amulet)
HPRegen  0.14/turn              l - +4 ring of dexterity
MPRegen  0.09/turn              (no ring)

@: no status effects
A: unfitting armour, cold-blooded, AC +5
a: no special abilities


You were on level 3 of the Dungeon.
You were hungry.

You visited 1 branch of the dungeon, and saw 3 of its levels.

You collected 163 gold pieces.

Inventory:

Hand Weapons
 c - a +0 quarterstaff (weapon)
Jewellery
 l - a +4 ring of dexterity (left hand)
Wands
 b - a wand of enslavement (14)
Scrolls
 a - 3 scrolls of remove curse {unknown}
 d - 5 scrolls of identify {unknown}
 e - a scroll of enchant weapon {unknown}
 g - a scroll of blinking {unknown}
 h - 2 scrolls of teleportation {unknown}
 i - a scroll of noise {unknown}
 k - a scroll of immolation {unknown}
 n - a scroll of magic mapping {unknown}
 p - a scroll of enchant armour {unknown}
Potions
 j - 2 potions of berserk rage {unknown}
 m - a potion of flight {unknown}
 o - a potion of curing {unknown}
Comestibles
 f - 4 rations


   Skills:
 + Level 5.0 Fighting
 * Level 3.0 Staves
   Level 1.0 Crossbows
 + Level 1.4 Dodging
 - Level 2.6 Stealth
 - Level 1.0 Evocations


You had 3 spell levels left.
You didn't know any spells.
Your spell library was empty.

Dungeon Overview and Level Annotations

Branches:
Dungeon (3/15)

Altars:
Dithmenos

Annotations:
D:2 Sigmund


Innate Abilities, Weirdness & Mutations

Your plain brown scales are hard. (AC +5)
You cannot fit into any form of body armour.
You are cold-blooded and may be slowed by cold attacks.


Message History

Found a mace.
You hit the orc priest but do no damage.
The orc priest mumbles some strange prayers to Beogh against you.
Beogh smites you!
The worker ant zombie completely misses you.
The orc priest miscasts a cantrip.
The worker ant zombie closely misses you.
You see here a +0 club.
You sock the worker ant zombie!
The worker ant zombie is moderately damaged.
The worker ant zombie bites you.
You barely miss the worker ant zombie. You tail-slap the worker ant zombie.
The worker ant zombie is moderately damaged.
The worker ant zombie bites you.
The orc priest invokes the aid of Beogh against you.
Beogh smites you!
* * * LOW HITPOINT WARNING * * *
The orc priest mumbles some strange prayers to Beogh against you.
Beogh smites you!
You die...

#.##.#..#..#####...
#.....#.......##...
################.##+.#.###..
#.........# ###..# .#..##..
#.........# #....# .#......
+.........###.#### ####...
#.........##.(# #...
#.....†.[.....# #...
#.!........@#### #.###
#.........Z#...# ... #
####+#####.#...+ ...+ #
#o....# ... # #l#####.. ..
#l### #o...l[.) #...
#).........#⌠.# #...
########...# #... #....
...##


You could see an orc priest, an orc, a worker ant zombie and a frilled lizard.

Vanquished Creatures
  Robin (D:2)
  2 adders (D:3)
  A worm (D:2)
  A leopard gecko (D:1)
  An orc (D:3)
  4 bats
  14 goblins
  5 hobgoblins
  3 frilled lizards
  5 kobolds
  10 rats
47 creatures vanquished.

Vanquished Creatures (collateral kills)
  An adder (D:2)
1 creature vanquished.

Grand Total: 48 creatures vanquished

Notes
Turn   | Place    | Note
-------+----------+-------------------------------------------
     0 | D:1      | Lanoc the Draconian Wanderer began the quest for the Orb.
     0 | D:1      | Lanoc set off with the following items: a +0 spear, a wand
                  | of enslavement (15), a +0 quarterstaff, a +0 dagger, a
                  | ration
     0 | D:1      | Reached XP level 1. HP: 22/22 MP: 1/1
   391 | D:1      | Reached XP level 2. HP: 28/28 MP: 2/2
   462 | D:2      | Noticed Sigmund
   495 | D:2      | Noticed Robin
   840 | D:2      | Reached skill level 1 in Dodging
   852 | D:1      | Reached XP level 3. HP: 7/34 MP: 3/3
  1152 | D:2      | Killed Robin
  1536 | D:3      | Found a shadowy altar of Dithmenos.
  1569 | D:3      | Reached XP level 4. HP: 36/41 MP: 4/4
  1698 | D:3      | Reached skill level 5 in Fighting
  1724 | D:3      | Killed from afar by an orc priest

Levels and vault maps discovered:
D:1:      evilmike_arrival_hilbert_curve, layout_basic
D:2:      layout_rooms, lemuel_zombie_altar_yredelemnul, chequers_jeans,
          uniq_robin, uniq_sigmund
D:3:      layout_basic, evilmike_ruin_ashenzari, grunt_gozag_breadcrumbs,
          lemuel_doored_altar, palyth_stone_intersect

Skill      XL: |  1  2  3  4 |
---------------+-------------+-----
Staves         | 2 3 |  3.0
Dodging        | 1 |  1.4
Fighting       | 5 |  5.0
Crossbows      | |  1.0
Stealth        | |  2.6
Evocations     | |  1.0

Action                   |  1- 3 |  4- 6 || total
-------------------------+-------+-------++-------
Melee: Quarterstaff      |   107 |    14 ||   121
       Tailslap          |    16 |     2 ||    18
Evoke: Wand              |     1 |       ||     1
  Use: Potion            |     2 |       ||     2
 Stab: Sleeping          |     6 |       ||     6
  Eat: Chunk             |     2 |       ||     2
Armor: Skin              |    66 |     5 ||    71
Dodge: Dodged            |    67 |    11 ||    78

Table legend:
 A = Non-vault XP
 B = Vault XP
 C = Vault XP percentage of total XP
 D = Non-vault monster count
 E = Vault monster count
 F = Vault count percentage of total count
                 A         B        C        D         E       F
            +---------+---------+-------+---------+---------+-------
      Total |      86 |      37 |  30.1 |      36 |      12 |  25.0
            +---------+---------+-------+---------+---------+-------
        D:1 |      20 |       8 |  28.6 |      14 |       4 |  22.2
        D:2 |      30 |      29 |  49.2 |      14 |       8 |  36.4
        D:3 |      36 |       0 |   0.0 |       8 |       0 |   0.0
            +---------+---------+-------+---------+---------+-------
